 Dungeon Crawl Stone Soup version 0.27.1-34-g3ba077fa99 (webtiles) character file.

Game seed: 6370816095424060899

4373 MisterFreud the Grappler (level 10, -13/96 HPs)
             Began as a Troll Berserker on Jan 3, 2022.
             Was an Elder of Trog.
             Killed from afar by a fire dragon (56 damage)
             ... with a blast of flame
             ... on level 8 of the Dungeon.
             The game lasted 00:07:33 (5032 turns).

MisterFreud the Grappler (Troll Berserker)          Turns: 5032, Time: 00:07:34

Health: -13/96     AC:  9    Str: 27    XL:     10   Next: 13%
Magic:  9/9        EV: 11    Int:  4    God:    Trog [****..]
Gold:   155        SH:  0    Dex: 11    Spells: 9/9 levels left

rFire    . . .     SeeInvis .     - Unarmed
rCold    . . .     Faith    .   (no shield)
rNeg     . . .     Spirit   .   a - +0 animal skin
rPois    .         Reflect  .   (helmet restricted)
rElec    .         Harm     .   g - +0 cloak
rCorr    .         Rampage  .   (gloves unavailable)
Will     .....                  (boots unavailable)
Stlth    +.........             b - amulet of regeneration
HPRegen  2.26/turn              x - +4 ring of protection
MPRegen  0.11/turn              (no ring)

@: marked
A: large, unfitting armour, claws 3, regeneration 1, shaggy fur 1, tough skin 1
a: Renounce Religion, Berserk, Trog's Hand, Brothers in Arms


You were on level 8 of the Dungeon.
You worshipped Trog.
Trog was greatly pleased with you.
You visited 1 branch of the dungeon, and saw 8 of its levels.

You collected 271 gold pieces.
You spent 116 gold pieces at shops.

Inventory:

Missiles
 h - 31 boomerangs (quivered)
 s - 27 poisoned darts
 C - 3 throwing nets
Armour
 a - a +0 animal skin (worn)
 g - a +0 cloak (worn)
Jewellery
 b - an amulet of regeneration (around neck)
 c - a ring of ice
 x - a +4 ring of protection (left claw)
 z - an amulet of faith
Wands
 f - a wand of charming (14)
 w - a wand of mindburst (11)
Scrolls
 d - a scroll of amnesia
 j - a scroll of brand weapon
 k - 2 scrolls of blinking {unknown}
 q - a scroll of enchant armour
 r - a scroll of noise {unknown}
 t - a scroll of vulnerability {unknown}
 u - a scroll of fear
 v - a scroll of magic mapping {unknown}
 y - 3 scrolls of teleportation {unknown}
Potions
 e - 7 potions of curing
 i - 2 potions of brilliance
 l - 3 potions of attraction
 m - a potion of magic
 n - a potion of haste
 o - 5 potions of flight
 p - a potion of heal wounds {unknown}
 A - 2 potions of degeneration {unknown}
 B - a potion of experience {unknown}
 D - a potion of mutation {unknown}


   Skills:
 - Level 5.0 Fighting
 - Level 6.0 Throwing
 - Level 5.0 Dodging
 + Level 11.2 Unarmed Combat


You had 9 spell levels left.
You didn't know any spells.
Your spell library was empty.

Dungeon Overview and Level Annotations

Branches:
Dungeon (8/15)             Temple (0/1) D:5
   Lair: D:8-11

Altars:

Shops:
D:5 *


Innate Abilities, Weirdness & Mutations

You are too large for most types of armour.
You have claws for hands.
Your natural rate of healing is unusually fast.
You are covered in fur. (AC +1)
You have tough skin. (AC +1)


Message History

You kill the orc priest!
Trog accepts your kill.
You barely miss the orc. The orc closely misses you.
You closely miss the orc. The orc hits you with a +0 dagger.
You mangle the orc!!
You kill the orc!
Trog accepts your kill.
The orc priest hits you but does no damage.
Items here: !! ))) [[ ††.
You mangle the orc priest!!
You kill the orc priest!
Trog accepts your kill.
You claw the orc!
You kill the orc!
Trog accepts your kill.
o - 5 potions of flight (gained 1)
Items here: )) [[ ††.
Found a dagger.
No target in view!
Items here: )) [[ ††.
D - a red potion;
A - 2 bubbling white potions (gained 1)
Items here: ))) [[ ††.
An orc priest comes into view. It is wielding a +0 dagger.
An orc priest is nearby!
A fire dragon and an orc wizard come into view.
There is an open door here.
An orc wizard comes into view. It is wielding a +0 dagger.
The fire dragon breathes flames at you. The blast of flame hits you!!
The orc priest mumbles some strange prayers to Beogh against you.
Beogh smites you!
The fire dragon bites you but does no damage.
The fire dragon claws you! The fire dragon tramples you!
You stumble backwards!
You are too injured to fight recklessly!
You are too injured to fight recklessly!
Unknown command.
The fire dragon breathes flames at you. The blast of flame hits you!!!
Ouch! That really hurt!
You die...

####### ###
#.)...###########..
#.#.............)).
###.###############..
## #............ #.#
).
#...#....####.#####)#
...##.#####....#
.........
........))@....#
.........
....#.#####....#
......... . # #Do..#
......... #....#
#.#####.# #..o.# #
#.# #....# #.#
...o... ... #....##.
## ###... .


You could see a fire dragon (catching breath), an orc priest and 2 orc wizards.

Vanquished Creatures
  Harold (D:7)
  Pikel (D:7)
  Maggie (D:7)
  Sigmund (D:2)
  4 yaks (D:6)
  A wyvern (D:7)
  3 water moccasins
  2 ice beasts
  A necrophage (D:5)
  2 sky beasts
  A black bear (D:7)
  An ogre (D:6)
  2 lemures (D:7)
  A phantom (D:6)
  A bullfrog (D:6)
  A wyvern skeleton (D:6)
  3 scorpions
  A jelly (D:5)
  7 orc priests
  A centaur zombie (D:8)
  A bullfrog skeleton (D:4)
  4 iguanas
  4 orc wizards
  A howler monkey zombie (D:7)
  3 gnolls (D:4)
  6 adders
  A white imp (D:3)
  An ufetubus (D:4)
  2 dart slugs
  26 orcs
  7 endoplasms
  6 giant cockroaches
  5 goblins
  4 hobgoblins
  7 jackals
  10 ball pythons
  6 bats
  3 frilled lizards (D:1)
  7 kobolds
  5 rats
145 creatures vanquished.

Notes
Turn   | Place    | Note
-------+----------+-------------------------------------------
     0 | D:1      | MisterFreud the Troll Berserker began the quest for the
                  | Orb.
     0 | D:1      | Reached XP level 1. HP: 22/22 MP: 0/0
   133 | D:1      | Reached XP level 2. HP: 29/29 MP: 1/1
   280 | D:1      | Reached skill level 4 in Unarmed Combat
   404 | D:1      | Reached ** piety under Trog
   409 | D:1      | Reached XP level 3. HP: 36/36 MP: 2/2
   961 | D:2      | Found a faded altar of an unknown god.
   998 | D:2      | Reached XP level 4. HP: 43/44 MP: 3/3
  1036 | D:2      | Reached skill level 5 in Unarmed Combat
  1070 | D:2      | Noticed Sigmund
  1078 | D:2      | Killed Sigmund
  1079 | D:2      | Reached skill level 6 in Unarmed Combat
  1079 | D:2      | Reached XP level 5. HP: 47/50 MP: 4/4
  1685 | D:3      | Reached XP level 6. HP: 26/59 MP: 5/5
  1937 | D:3      | Reached skill level 7 in Unarmed Combat
  1966 | D:3      | Reached *** piety under Trog
  2440 | D:4      | Noticed a sky beast
  2460 | D:4      | Killed a sky beast
  2461 | D:4      | Reached skill level 8 in Unarmed Combat
  2461 | D:4      | Reached XP level 7. HP: 56/66 MP: 6/6
  2727 | D:5      | Entered Level 5 of the Dungeon
  2743 | D:5      | Identified the +2 pair of boots of the Poles {rCorr Int+2
                  | Dex+3}
  2970 | D:5      | Found Laeg's General Store.
  2975 | D:5      | Found Lafo's Specific Store.
  2980 | D:5      | Bought a scroll of identify for 28 gold pieces
  2980 | D:5      | Bought a scroll of fear for 49 gold pieces
  2984 | D:5      | Bought a potion of curing for 39 gold pieces
  3027 | D:5      | Found a staircase to the Ecumenical Temple.
  3100 | D:5      | Reached XP level 8. HP: 75/78 MP: 7/7
  3710 | D:6      | Reached skill level 5 in Fighting
  3710 | D:6      | Reached skill level 5 in Dodging
  3715 | D:6      | Reached skill level 1 in Throwing
  3949 | D:6      | Reached skill level 9 in Unarmed Combat
  3949 | D:6      | Reached XP level 9. HP: 43/88 MP: 8/8
  4481 | D:7      | Reached **** piety under Trog
  4570 | D:7      | Noticed Pikel
  4592 | D:7      | Killed Pikel
  4593 | D:7      | Reached skill level 5 in Throwing
  4667 | D:7      | Noticed Harold
  4680 | D:7      | Killed Harold
  4681 | D:7      | Reached skill level 10 in Unarmed Combat
  4696 | D:7      | Noticed Maggie
  4741 | D:7      | Killed Maggie
  4742 | D:7      | Reached skill level 11 in Unarmed Combat
  4742 | D:7      | Reached XP level 10. HP: 52/96 MP: 9/9
  5003 | D:8      | Identified the +7 hand axe of the Harvest {vorpal, rElec
                  | Str+2 Dex+2}
  5029 | D:8      | Noticed a fire dragon
  5032 | D:8      | Killed from afar by a fire dragon

Illustrated notes

Levels and vault maps discovered:
D:1:      beargit_arrival_diablo_church, layout_basic, hex_medium
D:2:      layout_loops_ring, basic_ecumenical_altar, uniq_sigmund
D:3:      layout_basic, hangedman_decor_points
D:4:      layout_basic, serial_park_tiny_pond, hangedman_decor_riveting
D:5:      layout_loops_ring, minmay_temple_entry_butterflies,
          nicolae_specific_store, chequers_avenue
D:6:      layout_loops_corners
D:7:      layout_rooms, kennysheep_generic_room_10, uniq_maggie, uniq_pikel,
          uniq_harold
D:8:      hangedman_cross_veins, layout_basic, minitemple,
          minmay_lair_entry_lava, serial_shops, shop

Skill      XL: |  1  2  3  4  5  6  7  8  9 |
---------------+----------------------------+-----
Unarmed Combat | 4 6 8 9 11 | 11.2
Fighting       | 4 5 |  5.0
Dodging        | 4 5 |  5.0
Throwing       | 3 6 |  6.0

Action                   |  1- 3 |  4- 6 |  7- 9 | 10-12 || total
-------------------------+-------+-------+-------+-------++-------
Melee: Unarmed           |   108 |   123 |   203 |    24 ||   458
       Punch             |     1 |     4 |     9 |     3 ||    17
Invok: Berserk           |       |       |     1 |       ||     1
  Use: Scroll            |       |       |     8 |       ||     8
 Stab: Sleeping          |       |       |     1 |       ||     1
Armor: Animal skin       |    38 |    36 |    42 |     4 ||   120
Dodge: Dodged            |    60 |    63 |    77 |     9 ||   209
